 Dungeon Crawl Stone Soup version 0.24.0-13-gcf9b319 (webtiles) character file.

Game seed: 371470641372553515, levelgen mode: deterministic

63 Bronimir the Caller (level 4, -8/25 HPs)
             Began as a Tengu Summoner on Mar 3, 2020.
             Mangled by an ice beast (11 damage)
             ... on level 3 of the Dungeon.
             The game lasted 00:05:20 (2330 turns).

Bronimir the Caller (Tengu Summoner)                Turns: 2330, Time: 00:05:21

Health: -8/25      AC:  6    Str:  8    XL:     4   Next: 10%
Magic:  0/8        EV: 12    Int: 17    God:
Gold:   104        SH:  0    Dex: 14    Spells: 1/7 levels left

rFire    . . .     SeeInvis .   a - +0 spear
rCold    . . .     Gourm    .   (no shield)
rNeg     + . .     Faith    .   u - +0 leather armour
rPois    .         Spirit   .   (helmet restricted)
rElec    .         Reflect  .   w - +2 cloak
rCorr    .         Harm     .   (no gloves)
MR       .....                  (boots unavailable)
Stlth    +++.......             (no amulet)
HPRegen  0.08/turn              p - ring of positive energy
MPRegen  0.11/turn              q - ring of stealth

@: no status effects
A: beak, talons 3
a: no special abilities


You were on level 3 of the Dungeon.
You were hungry.

You visited 1 branch of the dungeon, and saw 3 of its levels.

You collected 104 gold pieces.

Inventory:

Hand Weapons
 a - a +0 spear (weapon)
 b - a +0 hunting sling
 d - a +0 short sword
 e - a +0 mace
Missiles
 g - 66 sling bullets
 i - 55 arrows
 j - 6 curare-tipped darts (quivered)
 k - 20 bolts
 l - 130 stones
Armour
 h - a +0 robe
 u - a +0 leather armour (worn)
 w - a +2 cloak (worn)
Jewellery
 p - a ring of positive energy (left hand)
 q - a ring of stealth (right hand)
 s - an uncursed ring of wizardry {unknown}
Scrolls
 f - a scroll of fear {unknown}
 m - 2 scrolls of remove curse {unknown}
 n - 3 scrolls of identify {unknown}
 o - a scroll of teleportation {unknown}
 v - a scroll of enchant armour {unknown}
Potions
 r - a potion of heal wounds {unknown}
 t - 2 potions of mutation {unknown}
Comestibles
 c - 2 rations
 x - 2 chunks of flesh


   Skills:
 * Level 1.0 Fighting
 + Level 0.2 Polearms
 + Level 0.1 Slings
 * Level 0.7 Armour
 + Level 2.2 Dodging
 - Level 2.0 Stealth
 + Level 2.4 Spellcasting
 * Level 5.8 Summonings


You had one spell level left.
You knew the following spells:

 Your Spells              Type           Power        Failure   Level  Hunger
a - Summon Small Mammal   Summ           ###.         2%          1    #......
b - Call Imp              Summ           ###.....     3%          2    ##.....
c - Call Canine Familiar  Summ           ###.....     7%          3    ###....

Your spell library contained the following spells:

 Spells                   Type           Power        Failure   Level  Hunger
 Summon Guardian Golem    Hex/Summ       ##......     24%         3    ###....
 Summon Ice Beast         Ice/Summ       ##......     61%         4    #####..
 Summon Lightning Spire   Summ/Air       ##......     61%         4    #####..


Dungeon Overview and Level Annotations

Branches:
Dungeon (3/15)

Altars:


Innate Abilities, Weirdness & Mutations

You have a beak for a mouth.
You have claws for feet.


Message History

* * * LOW HITPOINT WARNING * * *
Your hound barely misses the ice beast.
Your hound misses the ice beast. Your hound misses the ice beast.
Your hound closely misses the ice beast.
Your hound closely misses the ice beast.
Your hound closely misses the ice beast.
Your hound bites the ice beast.
There is a stone staircase leading up here.
Your hound bites the ice beast.
Found a glowing ring mail.
Your hound disappears in a puff of smoke!
Found a stone staircase leading down.
A leopard gecko comes into view.
Casting: Summon Small Mammal (safe; 2% risk of failure)
Confirm with . or Enter, or press ? or * to list all spells.
The ice beast hits you.
* * * LOW HITPOINT WARNING * * *
The ice beast freezes you!
You die...

#.... l. .... #. #.. #.
#########.. ..
...##....# #. #.##.####
#. #......#
##.#.#.#########.##.#.#
.......@Y....<...##.#...
##...h..############# ##
#.>[...# #......#
#.....## #..... #.....
#.....


You could see an ice beast, a leopard gecko (sleeping) and a friendly hound.

Vanquished Creatures
  Terence (D:3)
  A worm (D:2)
  3 dart slugs
  3 giant cockroaches
  7 goblins
  A hobgoblin (D:2)
  6 kobolds
  A ball python (D:1)
  6 bats
  3 frilled lizards
  3 rats
35 creatures vanquished.

Vanquished Creatures (collateral kills)
  A bat (D:2)
  A goblin (D:1)
  A hobgoblin (D:1)
  2 kobolds
5 creatures vanquished.

Grand Total: 40 creatures vanquished

Notes
Turn   | Place    | Note
-------+----------+-------------------------------------------
     0 | D:1      | Bronimir the Tengu Summoner began the quest for the Orb.
     0 | D:1      | Reached XP level 1. HP: 10/10 MP: 4/4
   290 | D:1      | Reached skill level 5 in Summonings
   648 | D:1      | Reached XP level 2. HP: 14/15 MP: 6/6
   923 | D:1      | Learned a level 2 spell: Call Imp
  1340 | D:2      | Reached XP level 3. HP: 20/20 MP: 1/7
  1892 | D:2      | Learned a level 3 spell: Call Canine Familiar
  1926 | D:2      | Reached skill level 1 in Fighting
  2298 | D:3      | Noticed Terence
  2303 | D:3      | Noticed an ice beast
  2311 | D:3      | Killed Terence
  2311 | D:3      | Reached XP level 4. HP: 18/25 MP: 1/8
  2330 | D:3      | Mangled by an ice beast

Levels and vault maps discovered:
D:1:      dpeg_arrival_castle, layout_loops_ring
D:2:      layout_loops_corners, hangedman_decor_riveting,
          kennysheep_nondescript, hangedman_decor_peaks_small
D:3:      minmay_octagon_keep, layout_basic, lemuel_crystal_altar,
          minmay_misc_feat_chi, minivault_24, uniq_natasha, uniq_robin,
          uniq_terence

Skill      XL: |  1  2  3 |
---------------+----------+-----
Summonings     | 5 |  5.8
Fighting       | 1 |  1.0
Polearms       | |  0.2
Slings         | |  0.1
Armour         | |  0.7
Dodging        | |  2.2
Stealth        | |  2.0
Spellcasting   | |  2.4

Action                   |  1- 3 |  4- 6 || total
-------------------------+-------+-------++-------
Melee: Unarmed           |    20 |       ||    20
       Short sword       |     3 |       ||     3
       Kick              |    12 |       ||    12
       Peck              |     6 |     1 ||     7
       Mace              |     7 |       ||     7
       Spear             |    60 |     2 ||    62
 Fire: Hunting sling     |    25 |       ||    25
 Cast: Summon Small Mamm |    16 |       ||    16
       Call Imp          |    11 |       ||    11
       Call Canine Famil |     2 |     1 ||     3
 Stab: Sleeping          |     4 |       ||     4
  Eat: Chunk             |     5 |       ||     5
Armor: Robe              |    16 |       ||    16
       Leather armour    |    15 |       ||    15
Dodge: Dodged            |    67 |     1 ||    68
